 Dungeon Crawl Stone Soup version 0.32-a0-290-g598725c5f2 (webtiles) character file.

Game seed: 9652961595380564229

46685 croobank the Black Sun (level 14, 0/76 HPs)
             Began as a Felid Summoner on Feb 13, 2024.
             Was a High Priest of Kikubaaqudgha.
             Slain by a hornet (10 damage)
             ... on level 5 of the Lair of Beasts on Feb 14, 2024.
             The game lasted 01:38:37 (20484 turns).

croobank the Black Sun (Felid Summoner)            Turns: 20484, Time: 01:38:37

Health: 0/76       AC:  3    Str: 10    XL:     14   Next: 5%
Magic:  19/28      EV: 24    Int: 26    God:    Kikubaaqudgha [*****.]
Gold:   765        SH:  0    Dex: 19    Spells: 5/32 levels left
                                        Lives:  0   Deaths: 5

rFire   . . .        (weapon unavailable)
rCold   + . .        (shield unavailable)
rNeg    . . .        (body armour unavailable)
rPois   +            (helmet unavailable)
rElec   .            (cloak unavailable)
rCorr   .            (gloves unavailable)
SInv    +            (boots unavailable)
Will    ++...        I - amulet of magic regeneration
Stlth   +++++        C - ring of the Sharing Traitor {rPois Str+6 Int+4 SInv}
HPRegen 0.32/turn    i - +4 ring of slaying
MPRegen 0.61/turn

%: no passive effects
@: no status effects
A: very small, claws 1, fangs 3, see invisible, shaggy fur 3, stealthy paws, no
weapons or thrown items, no armour, multi-lived
a: Renounce Religion, Unearth Wretches, Torment


You were on level 5 of the Lair of Beasts.
You worshipped Kikubaaqudgha.
Kikubaaqudgha was extremely pleased with you.
You visited 3 branches of the dungeon, and saw 17 of its levels.
You also visited: Sewer and Gauntlet.

You collected 1255 gold pieces.
You spent 490 gold pieces at shops.

Inventory:

Jewellery
 c - an amulet of regeneration
 e - an amulet of guardian spirit
 i - a +4 ring of slaying (right paw)
 k - a ring of protection from cold
 r - the brooch of Shielding {Spirit SH+8}
   (You took it off a minotaur in a Gauntlet)

   [amulet of guardian spirit]

   Spirit:    It causes incoming damage to be divided between your reserves of
   health and magic.
   SH+8:      It affects your SH (+8).
 C - the ring of the Sharing Traitor (left paw) {rPois Str+6 Int+4 SInv}
   (You found it on level 10 of the Dungeon)

   [ring of strength]

   Str+6:     It affects your strength (+6).
   Int+4:     It affects your intelligence (+4).
   rPois:     It protects you from poison SInv: It lets you see invisible.
 F - an amulet of the acrobat
 H - the amulet of the Trilobite {Acrobat ^Contam rN+ Int+3}
   (You found it in a Gauntlet)

   [amulet of the acrobat]

   Acrobat:   It increases your evasion while moving and waiting.
   Int+3:     It affects your intelligence (+3).
   rN+:       It protects you from negative energy.
   ^Contam:   It causes magical contamination when unequipped.
 I - an amulet of magic regeneration (around neck)
 J - a ring of protection from fire
 N - a +6 ring of strength
Wands
 j - a wand of charming (23)
 A - a wand of iceblast (5)
 D - a wand of mindburst (13)
 E - a wand of flame (14)
 K - a wand of light (4)
Scrolls
 b - 5 scrolls of poison
 d - 3 scrolls of amnesia
 g - 9 scrolls of teleportation
 h - 2 scrolls of fear
 m - 3 scrolls of fog
 q - a scroll of silence
 s - 10 scrolls of blinking
 w - 2 scrolls of summoning
 y - 2 scrolls of vulnerability
 z - 2 scrolls of immolation
 B - 8 scrolls of identify
 L - a scroll of noise
Potions
 a - 2 potions of resistance
 f - 2 potions of lignification
 l - 5 potions of might
 n - 2 potions of ambrosia
 o - a potion of attraction
 p - a potion of mutation
 t - 3 potions of haste
 u - a potion of brilliance
 v - a potion of cancellation
 x - 3 potions of enlightenment
 G - 3 potions of heal wounds
 M - 2 potions of curing


   Skills:
 + Level 9.9 Fighting
 - Level 10.0 Dodging
 - Level 10.0 Stealth
 + Level 9.6 Spellcasting
 - Level 5.0 Hexes
 - Level 10.0 Summonings
 * Level 12.1 Necromancy
 - Level 5.0 Fire Magic
 - Level 7.0 Air Magic


You had 5 spell levels left.
You knew the following spells:

 Your Spells              Type           Power      Damage    Failure   Level
b - Call Imp              Summ           100%       N/A       1%          2
c - Call Canine Familiar  Summ           59%        N/A       1%          3
d - Summon Blazeheart Go  Fire/Summ      51%        N/A       2%          4
e - Summon Lightning Spi  Summ/Air       54%        N/A       1%          4
A - Animate Dead          Necr           66%        N/A       1%          4
D - Death Channel         Necr           33%        N/A       4%          6
N - Anguish               Hex/Necr       27%        N/A       1%          4

Your spell library contained the following spells:

 Spells                   Type           Power      Damage    Failure   Level
 Kiss of Death            Conj/Necr      100%       2d13      1%          1
 Shock                    Conj/Air       100%       1d9       1%          1
 Slow                     Hex            100%       N/A       1%          1
 Summon Small Mammal      Summ           100%       N/A       1%          1
 Cigotuvi's Dreadful Rot  Necr/Alch/Air  90%        N/A       1%          2
 Jinxbite                 Hex            76%        N/A       1%          2
 Sublimation of Blood     Necr           66%        N/A       1%          2
 Confusing Touch          Hex            38%        N/A       1%          3
 Fugue of the Fallen      Necr           66%        N/A       1%          3
 Sigil of Binding         Hex            38%        N/A       1%          3
 Swiftness                Air            48%        N/A       1%          3
 Vampiric Draining        Necr           66%        2d10      1%          3
 Dispel Undead            Necr           66%        3d23      1%          4
 Martyr's Knell           Necr/Summ      63%        N/A       1%          4
 Curse of Agony           Necr           66%        N/A       1%          5
 Airstrike                Air            24%        2d(4-20)  2%          4
 Apportation              Tloc           24%        N/A       4%          1
 Magic Dart               Conj           48%        1d5       4%          1
 Sandblast                Erth           24%        2d8       4%          1
 Cause Fear               Hex            19%        N/A       6%          4
 Blink                    Tloc           24%        N/A       8%          2
 Frozen Ramparts          Ice            24%        1d4       14%         3
 Ozocubu's Armour         Ice            12%        N/A       14%         3
 Passwall                 Erth           12%        N/A       14%         3
 Stone Arrow              Conj/Erth      24%        3d8       14%         3
 Ignite Poison            Fire/Alch      25%        N/A       17%         4
 Sticky Flame             Fire/Alch      25%        2d6       17%         4
 Brom's Barrelling Bould  Conj/Erth      12%        2d4       43%         4
 Leda's Liquefaction      Alch/Erth      6%         N/A       43%         4
 Manifold Assault         Tloc           12%        N/A       43%         4
 Petrify                  Alch/Erth      12%        N/A       43%         4
 Metabolic Englaciation   Hex/Ice        12%        N/A       43%         5
 Freezing Cloud           Conj/Ice/Air   12%        6-21      45%         5
 Alistair's Intoxication  Alch           8%         N/A       80%         5
 Haunt                    Necr/Summ      31%        N/A       41%         7
 Summon Hydra             Summ           29%        N/A       56%         7
 Borgnjor's Revivificati  Necr           33%        N/A       91%         8
 Infestation              Necr           33%        N/A       91%         8
 Enfeeble                 Hex            19%        N/A       99%         7
 Ignition                 Fire           19%        3d7       100%        8
 Lehudib's Crystal Spear  Conj/Erth      6%         10d3      100%        8
 Death's Door             Necr           33%        N/A       100%        9
 Animate Armour           Summ/Erth      Unusable   N/A       N/A         4
 Dimensional Bullseye     Hex/Tloc       Unusable   N/A       N/A         4

Dungeon Overview and Level Annotations

Branches:
Dungeon (11/15)            Temple (1/1) D:4            Lair (5/5) D:11
  Swamp (0/4) Lair:2        Snake (0/4) Lair:2          Orc (0/2) D:9
  Sewer (visited)         Gauntlet (visited)
  Slime: Lair:4-5

Altars:
Ashenzari
Cheibriados
Dithmenos
Elyvilon
Fedhas
Gozag
Hepliaklqana
Kikubaaqudgha
Makhleb
Nemelex Xobeh
Okawaru
Qazlal
Ru
Sif Muna
Trog
Uskayaw
Vehumet
Wu Jian
Xom
Yredelemnul
Zin
The Shining One
Jiyva

Shops:
D:2 ?!(!?   D:4 *=?!   D:7 [   D:11 [

Annotations:
D:9 3 runed translucent doors, avangion's ghost, novice GrEE


Innate Abilities, Weirdness & Mutations

You have sharp claws.
You have razor-sharp teeth.
You have supernaturally acute eyesight. (SInv)
Your thick and shaggy fur keeps you warm. (AC +3, rC+)
Your paws help you pounce on unaware monsters.
You are incapable of wielding weapons or throwing items.
You cannot wear armour.
You gain extra lives every three experience levels.


Message History

The seven-headed hydra barely misses your wyvern zombie.
The seven-headed hydra bites your wyvern zombie!
The seven-headed hydra is wracked by anguish!
The seven-headed hydra bites your wyvern zombie!
Your wyvern zombie is destroyed!
The seven-headed hydra is wracked by anguish!
The elephant tramples your elephant zombie.
Your elephant zombie stumbles backwards!
The elephant tramples your blazeheart golem!
Your blazeheart golem holds its ground!
Your blazeheart golem falls apart, revealing its core!
The elephant is wracked by anguish!
The elephant completely misses your blazeheart core.
Your blazeheart core explodes!
The fiery explosion engulfs you!!!
The fiery explosion engulfs the elephant!!!
The fiery explosion engulfs the elephant!!
Your elephant zombie tramples the elephant.
The elephant stumbles backwards!
The elephant is engulfed in blazing flames.
The elephant tramples your elephant zombie!
Your elephant zombie stumbles backwards!
The elephant is engulfed in blazing flames.
You kill the elephant!
Kikubaaqudgha accepts your kill.
The elephant is engulfed in blazing flames.
The elephant misses you. x2
The elephant tramples your elephant zombie!
Your elephant zombie holds its ground!
The elephant trunk-slaps your elephant zombie but does no damage.
The elephant is engulfed in blazing flames.
Your elephant zombie tramples the elephant.
The elephant stumbles backwards!
The elephant tramples you!
* * * LOW HITPOINT WARNING * * *
You hold your ground!
The elephant is wracked by anguish!
The elephant trunk-slaps you.
* * * LOW HITPOINT WARNING * * *
The elephant is wracked by anguish.
The hornet stings you!
You die...
Kikubaaqudgha rasps: You have failed me!
Welcome... death!

#...#####Z.####.......
##...# #..# ......
#..## #.#####....#
##.# #....#...## ##.#
#..#.ZY#...# #..#
##.##Y#...# #..#
#####☼☼#...##
##.###P###Y○☼....#
#...#...#@YY....##
##........y.......P
##.#...#~~~~.~.~..~...
.~
#####..~##~~##~~##~~#
~~
#....~#~~##~~##~~##~~
##...~~P~~~~~~~P~~~~~
#..~~P~~#~~~##~~#~P~
##...~~~~#~~~~P~~~~~~
#...~##~~#~#~#~~ß~#~#


You could see 5 elephants, a hornet (anguished) and a friendly elephant zombie.

Vanquished Creatures
  A minotaur (Gauntlet)
  Harold (Lair:1)
  2 hydras
  Erica (D:8)
  2 two-headed ogres
  A tengu warrior (D:8)
  3 death yaks (Lair:1)
  A boulder beetle (D:11)
  2 skysharks
  2 elephants (Lair:5)
  A black mamba (Lair:1)
  A rime drake (Lair:1)
  A gargoyle (D:10)
  An unseen horror (D:11)
  3 cane toads
  2 komodo dragons
  A polar bear (Lair:1)
  2 blink frogs
  A shadow (D:11)
  Sigmund (D:5)
  2 wyverns
  2 basilisks (D:11)
  17 yaks
  A wraith (D:10)
  3 vampire mosquitoes
  An acid dragon (D:8)
  5 water moccasins
  A black bear (D:6)
  5 orc warriors
  A swamp drake (D:9)
  2 centaurs
  A phantom (D:5)
  A bullfrog (Lair:3)
  A scorpion (D:5)
  7 wights
  A killer bee (D:9)
  2 nameless horrors (D:6)
  An electric eel (Lair:2)
  A howler monkey (D:7)
  An iguana (D:5)
  6 orc wizards
  An adder (D:2)
  A white imp (D:10)
  A ribbon worm (D:6)
  5 orcs
  2 ball pythons
  An endoplasm (D:4)
  4 goblins
  A hobgoblin (D:4)
  2 kobolds
  2 bats
  A frilled lizard (D:2)
113 creatures vanquished.

Vanquished Creatures (collateral kills)
  A hydra (Lair:5)
  A merfolk avatar (Lair:5)
  3 boulder beetles
  A death yak (D:11)
  3 skysharks (Lair:5)
  2 deep elf pyromancers (D:10)
  4 manticores (Lair:5)
  3 cane toads
  A torpor snail (Lair:5)
  A rime drake (Lair:4)
  A kobold demonologist (D:10)
  A tengu conjurer (D:8)
  2 komodo dragons (Lair:5)
  3 polar bears (Lair:5)
  11 blink frogs
  A snapping turtle (Lair:5)
  7 dream sheep
  3 shadows
  A vampire (D:8)
  5 wyverns
  17 yaks
  2 basilisks
  2 steam dragons
  4 vampire mosquitoes
  A swamp worm (Lair:2)
  An acid dragon (D:9)
  7 water moccasins
  A swamp drake (D:10)
  2 orc warriors
  An ice beast (D:6)
  2 black bears
  A sky beast (D:8)
  6 wolves (Lair:5)
  A centaur (D:8)
  6 bullfrogs
  7 kobold brigands
  8 wights
  2 killer bees (D:7)
  A howler monkey (D:8)
  2 nameless horrors (D:8)
  A crimson imp (D:10)
  A bombardier beetle (D:4)
  A gnoll bouda (D:7)
  5 hounds
  3 orc priests
  An iron imp (D:10)
  2 sleepcaps
  Ijyb (D:3)
  2 iguanas
  15 orc wizards
  9 gnolls
  3 river rats (Sewer)
  10 adders
  2 shadow imps
  A white imp (D:5)
  5 ufetubi
  A dart slug (D:4)
  36 orcs
  5 ball pythons
  2 bats
  6 endoplasms
  4 giant cockroaches
  6 goblins
  7 hobgoblins
  A jackal (Sewer)
  35 kobolds
  2 quokkas
  5 frilled lizards
  4 rats
305 creatures vanquished.

Vanquished Creatures (others)
  A hydra (Lair:5)
  Urug (Lair:2)
  4 cane toads
  A rime drake (Lair:5)
  A komodo dragon (Lair:4)
  2 polar bears
  A hornet (Lair:5)
  A wind drake (Lair:5)
  A blink frog (Lair:1)
  A dream sheep (Lair:5)
  A wyvern (Lair:5)
  A basilisk (Lair:5)
  6 yaks
  A steam dragon (D:8)
  6 wolves (Lair:5)
  A bullfrog (Lair:2)
  3 killer bees
  A jelly (D:6)
  A gnoll bouda (D:7)
  An orc wizard (D:10)
  A gnoll (D:7)
  An ufetubus (D:6)
  An orc (D:10)
  74 blazeheart cores
113 creatures vanquished.

Grand Total: 531 creatures vanquished

Notes
Turn   | Place    | Note
-------+----------+-------------------------------------------
     0 | D:1      | croobank the Felid Summoner began the quest for the Orb.
     0 | D:1      | Reached XP level 1. HP: 9/9 MP: 4/4
   130 | D:1      | Reached XP level 2. HP: 11/13 MP: 3/6
   195 | D:1      | Learned a level 2 spell: Call Imp
   539 | D:1      | Reached XP level 3. HP: 16/16 MP: 1/7
   543 | D:1      | Learned a level 3 spell: Call Canine Familiar
  1321 | D:2      | Found Xeis's Magic Scroll Shop.
  1385 | D:2      | Bought a scroll of identify for 26 gold pieces
  1385 | D:2      | Bought a scroll of teleportation for 39 gold pieces
  1416 | D:2      | Reached XP level 4. HP: 21/21 MP: 1/8
  1416 | D:2      | Gained a life (2 lives remaining)
  1592 | D:2      | Found a hazy altar of Hepliaklqana.
  1679 | D:2      | Found Newkot's Distillery.
  1699 | D:2      | Found Bemed's Weapon Shoppe.
  1708 | D:2      | Bought a potion of might for 48 gold pieces
  1825 | D:2      | Found Hepsaiff's Distillery.
  1839 | D:2      | Bought a potion of degeneration for 13 gold pieces
  1856 | D:2      | Found Isirch's Magic Scroll Shop.
  1861 | D:2      | Bought a scroll of identify for 20 gold pieces
  1861 | D:2      | Bought a scroll of identify for 20 gold pieces
  3037 | D:3      | Found an ornate altar of the Wu Jian Council.
  3109 | D:3      | Found an opulent altar of Gozag.
  3170 | D:3      | Noticed Ijyb
  3199 | D:3      | Killed Ijyb
  3200 | D:3      | Reached XP level 5. HP: 24/24 MP: 5/10
  3529 | D:4      | Found Dashris's Jewellery Shop.
  3694 | D:4      | Found Fururon's Assorted Antiques.
  3698 | D:4      | Bought a scroll labelled NUKHLU LOPN for 31 gold pieces
  3698 | D:4      | Bought an emerald potion for 27 gold pieces
  3727 | D:4      | Found a staircase to the Ecumenical Temple.
  3745 | Temple   | Entered the Ecumenical Temple
  3757 | Temple   | Became a worshipper of Kikubaaqudgha
  3778 | D:4      | Learned a level 4 spell: Summon Blazeheart Golem
  3929 | D:4      | Found Gephoqawna's Magic Scroll Boutique.
  3939 | D:4      | Found Foth's Distillery.
  4047 | D:4      | Reached skill level 5 in Stealth
  4131 | D:4      | Reached skill level 5 in Summonings
  4635 | D:5      | Entered Level 5 of the Dungeon
  4635 | D:5      | Noticed a phantom
  4651 | D:5      | Killed a phantom
  4652 | D:5      | Reached skill level 1 in Fire Magic
  4652 | D:5      | Gained mutation: You are covered in thick fur. (AC +2)
                  | [Felid growth]
  4652 | D:5      | Reached XP level 6. HP: 24/29 MP: 4/11
  4666 | D:5      | Reached skill level 1 in Fighting
  4666 | D:5      | Reached skill level 5 in Dodging
  4875 | D:5      | Noticed Sigmund
  4885 | D:5      | Killed Sigmund
  4886 | D:5      | Reached XP level 7. HP: 23/33 MP: 9/13
  5096 | D:5      | Found a shimmering blue altar of Sif Muna.
  5122 | D:5      | Found a sparkling altar of Nemelex Xobeh.
  5125 | D:5      | Found a shadowy altar of Dithmenos.
  5127 | D:5      | Found a hazy altar of Hepliaklqana.
  5134 | D:5      | Found a sacrificial altar of Ru.
  5236 | D:5      | Reached * piety under Kikubaaqudgha
  5236 | D:5      | Received a gift from Kikubaaqudgha
  5742 | D:6      | Reached XP level 8. HP: 18/39 MP: 9/15
  6047 | D:6      | Found a glowing drain.
  6100 | Sewer    | Entered a sewer
  6246 | Sewer    | Learned a level 4 spell: Summon Lightning Spire
  6287 | Sewer    | Slain by a kobold brigand
  6287 | Sewer    | Lost a life (1 life remaining)
  6289 | Sewer    | Found a white marble altar of Elyvilon.
  6452 | D:6      | Found a basalt altar of Yredelemnul.
  6468 | D:6      | Reached skill level 1 in Air Magic
  6527 | D:6      | Reached ** piety under Kikubaaqudgha
  6559 | D:6      | Noticed a nameless horror
  6570 | D:6      | Killed a nameless horror
  7419 | D:7      | Found a burning altar of Makhleb.
  7815 | D:7      | Found Koriali's Armour Shoppe.
  7852 | D:7      | Reached XP level 9. HP: 44/44 MP: 13/16
  7852 | D:7      | Gained a life (2 lives remaining)
  8772 | D:8      | Reached skill level 5 in Fire Magic
  8785 | D:8      | Reached *** piety under Kikubaaqudgha
  8785 | D:8      | Received a gift from Kikubaaqudgha
  8786 | D:8      | Reached skill level 5 in Spellcasting
  8791 | D:8      | Learned a level 4 spell: Animate Dead
  8897 | D:9      | Reached skill level 1 in Necromancy
  8934 | D:9      | Reached XP level 10. HP: 51/51 MP: 2/18
  9137 | D:8      | Noticed a tengu warrior
  9160 | D:8      | Killed a tengu warrior
  9273 | D:8      | Engulfed by a steam dragon's steam
  9273 | D:8      | Lost a life (1 life remaining)
  9357 | D:8      | Reached skill level 2 in Necromancy
  9380 | D:8      | Reached skill level 5 in Air Magic
  9656 | D:8      | Reached skill level 5 in Fighting
  9804 | D:8      | Noticed Erica
  9813 | D:8      | Killed Erica
  9814 | D:8      | Reached skill level 3 in Necromancy
 10135 | D:9      | Reached **** piety under Kikubaaqudgha
 10412 | D:9      | Found a runed translucent gate.
 10413 | D:9      | Found a runed translucent gate.
 10414 | D:9      | Found a runed translucent gate.
 10419 | D:9      | Found a viscous altar of Jiyva.
 10419 | D:9      | Noticed avangion's ghost (novice GrEE)
 10602 | D:2      | Bought a scroll of blinking for 75 gold pieces
 10602 | D:2      | Bought a scroll of identify for 20 gold pieces
 10602 | D:2      | Bought a scroll of blinking for 75 gold pieces
 10643 | D:4      | Bought a scroll of identify for 24 gold pieces
 10643 | D:4      | Bought a scroll of identify for 24 gold pieces
 10643 | D:4      | Bought a scroll of identify for 24 gold pieces
 10643 | D:4      | Bought a scroll of identify for 24 gold pieces
 11000 | D:9      | Found a staircase to the Orcish Mines.
 11375 | D:9      | Reached XP level 11. HP: 42/56 MP: 11/21
 11375 | D:9      | Gained a life (2 lives remaining)
 11459 | D:9      | Found a snail-covered altar of Cheibriados.
 11675 | D:10     | Entered Level 10 of the Dungeon
 11687 | D:10     | Reached skill level 4 in Necromancy
 11863 | D:10     | Identified the ring of the Sharing Traitor {rPois Str+6
                  | Int+4 SInv}
 11908 | D:10     | Reached ***** piety under Kikubaaqudgha
 11945 | D:10     | Noticed a two-headed ogre
 11952 | D:10     | Killed a two-headed ogre
 12066 | D:10     | Noticed a deep elf pyromancer
 12072 | D:10     | Killed a deep elf pyromancer
 12396 | D:10     | Learned a level 4 spell: Anguish
 12447 | D:10     | Noticed a deep elf pyromancer
 12456 | D:10     | Killed a deep elf pyromancer
 12674 | D:10     | Reached skill level 5 in Necromancy
 12960 | D:10     | Reached skill level 10 in Stealth
 13408 | D:11     | Found Paumuyke's Antique Armour Boutique.
 13409 | D:11     | Noticed a death yak
 13410 | D:11     | Found a staircase to the Lair.
 13411 | D:11     | Noticed a two-headed ogre
 13423 | D:11     | Killed a two-headed ogre
 13427 | D:11     | Killed a death yak
 13777 | D:11     | Noticed a boulder beetle
 13788 | D:11     | Killed a boulder beetle
 13789 | D:11     | Reached skill level 6 in Necromancy
 13918 | D:11     | Reached skill level 10 in Dodging
 14194 | D:11     | Noticed a boulder beetle
 14204 | D:11     | Killed a boulder beetle
 14815 | Lair:1   | Entered Level 1 of the Lair of Beasts
 14815 | Lair:1   | Noticed a death yak
 14815 | Lair:1   | Noticed a death yak
 14826 | Lair:1   | Noticed a death yak
 14833 | Lair:1   | Slain by a death yak
 14833 | Lair:1   | Lost a life (1 life remaining)
 14846 | Lair:1   | Noticed Harold
 14864 | Lair:1   | Demolished by Harold
 14864 | Lair:1   | Lost a life (0 lives remaining)
 14890 | Lair:1   | Gained mutation: Your thick and shaggy fur keeps you warm.
                  | (AC +3, rC+) [Felid growth]
 14890 | Lair:1   | Reached XP level 12. HP: 62/62 MP: 5/23
 14898 | Lair:1   | Killed Harold
 14908 | Lair:1   | Reached skill level 7 in Necromancy
 15014 | Lair:1   | Noticed a boulder beetle
 15023 | Lair:1   | Killed a boulder beetle
 15123 | Lair:1   | Killed a death yak
 15134 | Lair:1   | Killed a death yak
 15624 | Lair:1   | Reached skill level 8 in Necromancy
 15629 | Lair:1   | Killed a death yak
 15938 | Lair:1   | Noticed a five-headed hydra
 15944 | Lair:1   | Killed a five-headed hydra
 16285 | Lair:2   | Noticed Urug
 16293 | Lair:2   | Killed Urug
 16465 | Lair:2   | Found a staircase to the Snake Pit.
 16488 | Lair:2   | Reached skill level 9 in Necromancy
 16535 | Lair:2   | Noticed an eight-headed hydra
 16548 | Lair:2   | Killed an eight-headed hydra
 16745 | Lair:2   | Found a gate leading to a gauntlet.
 16754 | Gauntlet | Entered a Gauntlet
 16754 | Gauntlet | Found a transporter.
 16754 | Gauntlet | Found a transporter.
 16754 | Gauntlet | Found a transporter.
 16775 | Gauntlet | Found a transporter.
 16785 | Gauntlet | Found a transporter.
 16788 | Gauntlet | Found a transporter.
 16798 | Gauntlet | Found a transporter.
 16817 | Gauntlet | Found a transporter.
 16817 | Gauntlet | Noticed a ghost crab
 16831 | Gauntlet | Found a transporter.
 16834 | Gauntlet | Found a transporter.
 16842 | Gauntlet | Found a transporter.
 16845 | Gauntlet | Found a transporter.
 16950 | Gauntlet | Reached skill level 10 in Summonings
 16977 | Gauntlet | Identified the amulet of the Trilobite {Acrobat ^Contam rN+
                  | Int+3}
 16993 | Gauntlet | Learned a level 6 spell: Death Channel
 17676 | Gauntlet | Identified the +6 plate armour of the Amoeba {Int+2}
 17676 | Gauntlet | Noticed a minotaur
 17711 | Gauntlet | Killed a minotaur
 17852 | Lair:2   | Reached XP level 13. HP: 68/68 MP: 10/26
 17852 | Lair:2   | Gained a life (1 life remaining)
 18260 | Lair:2   | Found a staircase to the Swamp.
 19222 | Lair:4   | Reached skill level 10 in Necromancy
 19223 | Lair:4   | Slain by a yak
 19223 | Lair:4   | Lost a life (0 lives remaining)
 19263 | Lair:4   | Reached ****** piety under Kikubaaqudgha
 19504 | Lair:4   | Received a gift from Kikubaaqudgha (forbidden knowledge)
 19570 | Lair:4   | Reached skill level 1 in Hexes
 19904 | Lair:5   | Entered Level 5 of the Lair of Beasts
 19946 | Lair:5   | Reached skill level 11 in Necromancy
 19953 | Lair:5   | Reached skill level 5 in Hexes
 20216 | Lair:5   | Identified the +7 flail "Uxueck" {freeze, rF+ Int+6 SInv}
 20302 | Lair:5   | Reached XP level 14. HP: 50/76 MP: 21/28
 20309 | Lair:5   | Reached skill level 12 in Necromancy
 20484 | Lair:5   | Slain by a hornet

Illustrated notes

Levels and vault maps discovered:
D:1:      dpeg_arrival_chambers_temple_mockup, layout_rooms
D:2:      layout_basic, serial_shops, nicolae_shop_just_a_little_nook, shop,
          nicolae_shop_waterfront, shop, shop, basic_altar,
          minmay_gold_behind_fungi
D:3:      layout_loops_cross, nicolae_gozag_cash_rules_everything_around_me,
          mainiacjoe_overflow_catwalk, uniq_ijyb
D:4:      layout_gridville, minmay_temple_entry_water_ring, serial_shops, shop,
          nicolae_shop_industrial_runoff, shop, shop
D:5:      layout_rooms, nicolae_overflow_hallway_of_the_gods, uniq_sigmund
D:6:      layout_basic, yredelemnul_altar_generic, cheibrodos_sewer_entry_sluice
D:7:      black_bear_nest_1, layout_basic, makhleb_heckhound_becter,
          serial_shops, shop, nicolae_grassy_gnolls
D:8:      cheibrodos_fzero, layout_loops_ring, uniq_erica
D:9:      layout_loops_ring, cheibriados_altar_1, erik_orc_1,
          gammafunk_ghost_ooze
D:10:     layout_grid_maze, hangedman_minor_magic
D:11:     layout_basic, david_lair_generic, serial_shops, shop
Temple:   nicolae_temple_bog_church
Lair:1:   layout_chaotic_city, minmay_shattered_shrine, uniq_harold
Lair:2:   layout_loops_ring, nicolae_swamp_entry_splash_gauntlet,
          dummy_snake_entry, gauntlet_entry_generic, grunt_megastairs_2,
          uniq_urug
Lair:3:   layout_regular_city
Lair:4:   layout_long_grid
Lair:5:   gammafunk_lair_ancient_temple, layout_loops_ring,
          dpeg_slime_entry_enclosed

Skill      XL: |  1  2  3  4  5  6  7  8  9 10 11 12 13 14 |
---------------+-------------------------------------------+-----
Stealth        | 3 4 5 6 7 8 9 10 | 10.0
Dodging        | 3 4 5 6 7 8 10 | 10.0
Spellcasting   | 3 4 5 6 7 8 9 |  9.6
Summonings     | 5 6 7 8 10 | 10.0
Fire Magic     | 1 2 3 4 5 |  5.0
Fighting       | 1 2 3 4 5 6 8 9 |  9.9
Air Magic      | 2 4 5 6 7 |  7.0
Necromancy     | 1 3 6 9 11 12 | 12.1
Hexes          | 5 |  5.0

Action                     |  1- 3 |  4- 6 |  7- 9 | 10-12 | 13-15 || total
---------------------------+-------+-------+-------+-------+-------++-------
  Melee: Unarmed           |    18 |    28 |    37 |    93 |    20 ||   196
         Bite              |     1 |     2 |     4 |    13 |     2 ||    22
         Punch             |       |       |       |     1 |     2 ||     3
   Cast: Summon Small Mamm |    38 |    23 |    31 |    15 |       ||   107
         Call Imp          |    15 |    11 |    20 |    15 |     6 ||    67
         Call Canine Famil |     3 |    16 |    26 |    26 |     4 ||    75
         Summon Blazeheart |       |     3 |    28 |    77 |    21 ||   129
         Summon Lightning  |       |       |     4 |    28 |    13 ||    45
         Anguish           |       |       |       |    12 |    47 ||    59
         Animate Dead      |       |       |       |    13 |    13 ||    26
         Death Channel     |       |       |       |     4 |    17 ||    21
 Invoke: Unearth Wretches  |       |       |       |       |     2 ||     2
         Receive Forbidden |       |       |       |       |     1 ||     1
  Evoke: Wand              |       |       |    15 |     8 |     1 ||    24
    Use: Scroll            |     2 |     6 |     2 |    20 |       ||    30
         Potion            |       |       |     1 |     4 |       ||     5
   Stab: Sleeping          |       |     5 |     1 |     5 |       ||    11
         Distracted        |       |     1 |       |     2 |     1 ||     4
 Armour: Skin              |    10 |    18 |    48 |    98 |    41 ||   215
  Dodge: Dodged            |    37 |    58 |   148 |   295 |    98 ||   636

Table legend: (Time is in decaauts)
 A = Elapsed time spent in this place.
 B = Non-inter-level travel time spent in this place.
 C = Inter-level travel time spent in this place.
 D = Time resting spent in this place.
 E = Time spent auto-exploring this place.
 F = Levels seen in this place.
 G = Mean time per level.
                   A        B        C        D        E       F      G
               +--------+--------+--------+--------+--------+-----+--------+
         Total |  20597 |  19740 |    857 |   3508 |  10733 |  19 | 1084.1 |
       Dungeon |  14530 |  13799 |    731 |   2180 |   8522 |  11 | 1320.9 |
        Temple |     24 |     13 |     11 |      0 |      0 |   1 |   24.0 |
          Lair |   4730 |   4616 |    114 |    648 |   2147 |   5 |  946.0 |
         Sewer |    339 |    339 |      0 |     71 |     62 |   1 |  339.0 |
      Gauntlet |    972 |    972 |      0 |    609 |      0 |   1 |  972.0 |
               +--------+--------+--------+--------+--------+-----+--------+

Top non-repeatable levels by time:
     D:7: 1871 daAuts
    D:10: 1684 daAuts
     D:9: 1548 daAuts
    D:11: 1460 daAuts
  Lair:1: 1458 daAuts
     D:2: 1443 daAuts
     D:8: 1265 daAuts
     D:1: 1217 daAuts
  Lair:2: 1099 daAuts
     D:4: 1078 daAuts
     D:6: 1011 daAuts
     D:3: 976 daAuts
Gauntlet: 972 daAuts
     D:5: 972 daAuts
  Lair:3: 866 daAuts
